 Dungeon Crawl Stone Soup version 0.28.0-53-g5a82cb258f (webtiles) character file.

Game seed: 5818348975427854143

1610 MiltankisOP the Covert (level 9, -5/52 HPs)
             Began as a Kobold Brigand on June 20, 2022.
             Was an Initiate of Dithmenos.
             Killed from afar by an orc wizard (10 damage)
             ... with a magic dart
             ... on level 5 of the Dungeon.
             The game lasted 00:15:27 (6792 turns).

MiltankisOP the Covert (Kobold Brigand)             Turns: 6792, Time: 00:15:28

Health: -5/52      AC:  8    Str:  9    XL:     9   Next: 16%
Magic:  9/9        EV: 19    Int: 12    God:    Dithmenos [......]
Gold:   329        SH:  0    Dex: 20    Spells: 8/8 levels left

rFire   . . .      SeeInvis .   o - +1 dagger (drain)
rCold   . . .      Faith    .   (no shield)
rNeg    . . .      Spirit   .   b - +0 robe
rPois   .          Reflect  .   (no helmet)
rElec   .          Harm     .   c - +0 cloak
rCorr   .          Rampage  .   l - +0 pair of gloves
Will    .....                   (no boots)
Stlth   +++.......              (no amulet)
HPRegen 0.17/turn               u - +4 ring of protection
MPRegen 0.11/turn               (no ring)

@: confused
A: small, no large weapons, nightstalker 3
a: Renounce Religion


You were on level 5 of the Dungeon.
You worshipped Dithmenos.
Dithmenos was noncommittal.
You visited 2 branches of the dungeon, and saw 6 of its levels.

You collected 329 gold pieces.

Inventory:

Hand Weapons
 a - a +2 dagger
 o - a +1 dagger of draining (weapon)
Missiles
 d - 5 poisoned darts (quivered)
 e - 2 curare-tipped darts
Armour
 b - a +0 robe (worn)
 c - a +0 cloak (worn)
 l - a +0 pair of gloves (worn)
Jewellery
 u - a +4 ring of protection (left hand)
Wands
 t - a wand of flame (4)
Scrolls
 h - a scroll of enchant weapon {unknown}
 m - a scroll of summoning {unknown}
 n - a scroll of identify
 q - a scroll of amnesia {unknown}
 s - a scroll of teleportation {unknown}
Potions
 f - 3 potions of brilliance
 g - a potion of degeneration {unknown}
 i - 3 potions of curing
 j - a potion of heal wounds {unknown}
 k - a potion of berserk rage {unknown}
 p - a potion of resistance {unknown}
 r - a potion of haste {unknown}


   Skills:
 - Level 4.3 Fighting
 - Level 5.3 Short Blades
 - Level 2.1 Throwing
 - Level 7.0 Dodging
 + Level 12.2 Stealth


You had 8 spell levels left.
You didn't know any spells.
Your spell library contained the following spells:

 Spells                   Type           Power      Damage    Failure   Level
 Animate Skeleton         Necr           0%         N/A       32%         1
 Magic Dart               Conj           0%         1d3       32%         1
 Pain                     Necr           0%         1d4       32%         1
 Call Imp                 Summ           0%         N/A       45%         2
 Mephitic Cloud           Conj/Pois/Air  0%         N/A       69%         3
 Vampiric Draining        Necr           0%         2d6       69%         3


Dungeon Overview and Level Annotations

Branches:
Dungeon (5/15)             Temple (1/1) D:5

Altars:
Cheibriados
Dithmenos
Fedhas
Gozag
Kikubaaqudgha
Nemelex Xobeh
Okawaru
Qazlal
Ru
Trog
Xom
The Shining One


Innate Abilities, Weirdness & Mutations

You are small and have problems with some larger weapons.
You are completely attuned to the shadows.


Message History

You hit the two-headed ogre.
The two-headed ogre is almost dead.
The two-headed ogre hits you with a +0 giant club.
* * * LOW HITPOINT WARNING * * *
The two-headed ogre closely misses you.
You barely miss the two-headed ogre.
The two-headed ogre is almost dead.
The two-headed ogre hits you with a +0 giant club.
* * * LOW HITPOINT WARNING * * *
The two-headed ogre misses you.
You barely miss the two-headed ogre.
The two-headed ogre is almost dead.
There is an open door, spattered with blood here.
You barely miss the two-headed ogre.
The two-headed ogre is almost dead.
The two-headed ogre completely misses you. x2
You completely miss the two-headed ogre.
The two-headed ogre is almost dead.
You hit the two-headed ogre but do no damage.
The two-headed ogre is almost dead.
The two-headed ogre hits you with a +0 giant club.
* * * LOW HITPOINT WARNING * * *
The two-headed ogre misses you.
The orc wizard shouts!
You hit the two-headed ogre but do no damage.
You drain the two-headed ogre.
The two-headed ogre is almost dead.
The two-headed ogre closely misses you. The two-headed ogre misses you.
The orc wizard hits you with a +2 dagger of venom.
* * * LOW HITPOINT WARNING * * *
The orc wizard gestures at you while chanting.
You are confused.
You bump into the rock wall.
You bump into the rock wall.
The orc wizard barely misses you.
You closely miss the orc wizard.
The two-headed ogre completely misses you.
The two-headed ogre closely misses you. The orc wizard casts a spell at you.
The magic dart hits you!
You die...

#................
#....#................
#....#................
#....#................
#....#................
#....#................
#....#................
#....#)...............
#....@...... .....
###'##......
#<.##oO....
#..##l..... #.........
#.........
#####....)....
..............
####.#..)..###


You could see a two-headed ogre (drained), an iguana and an orc wizard.

Vanquished Creatures
  A two-headed ogre (D:5)
  Sigmund (D:2)
  A wyvern (D:5)
  A black bear (D:4)
  A necrophage (D:5)
  A phantom (D:5)
  A hound (D:5)
  Natasha (thrice) (D:3)
  4 iguanas (D:4)
  3 orc wizards
  A hound skeleton (D:5)
  4 gnolls
  3 adders
  A howler monkey skeleton (D:4)
  2 ufetubi (D:5)
  An adder skeleton (D:4)
  A worm (D:2)
  2 dart slugs
  5 orcs
  12 ball pythons
  6 endoplasms
  2 giant cockroaches
  9 goblins
  7 hobgoblins
  6 jackals (D:2)
  3 quokkas
  7 bats
  3 frilled lizards
  4 kobolds
  11 rats
107 creatures vanquished.

Notes
Turn   | Place    | Note
-------+----------+-------------------------------------------
     0 | D:1      | MiltankisOP the Kobold Brigand began the quest for the Orb.
     0 | D:1      | Reached XP level 1. HP: 12/12 MP: 1/1
    70 | D:1      | Reached XP level 2. HP: 13/17 MP: 2/2
   834 | D:1      | Reached skill level 6 in Stealth
   834 | D:1      | Reached XP level 3. HP: 21/21 MP: 3/3
  1017 | D:2      | Noticed Sigmund
  1019 | D:2      | Killed Sigmund
  1020 | D:2      | Reached XP level 4. HP: 26/26 MP: 4/4
  1020 | D:2      | Reached XP level 5. HP: 30/30 MP: 5/5
  1086 | D:1      | Reached XP level 6. HP: 19/35 MP: 6/6
  2467 | D:3      | Noticed Natasha
  2480 | D:3      | Killed Natasha
  2509 | D:3      | Noticed Natasha
  2528 | D:3      | Killed Natasha
  2714 | D:3      | Noticed Natasha
  2727 | D:3      | Killed Natasha
  3631 | D:4      | Reached XP level 7. HP: 40/40 MP: 7/7
  4320 | D:4      | Reached skill level 5 in Short Blades
  5305 | D:5      | Entered Level 5 of the Dungeon
  5315 | D:5      | Noticed a wyvern
  5330 | D:5      | Killed a wyvern
  5331 | D:5      | Reached skill level 7 in Stealth
  5331 | D:5      | Reached XP level 8. HP: 37/48 MP: 8/8
  5607 | D:5      | Reached skill level 8 in Stealth
  5726 | D:5      | Found a staircase to the Ecumenical Temple.
  5732 | Temple   | Entered the Ecumenical Temple
  5820 | Temple   | Became a worshipper of Dithmenos the Shadowed
  5910 | D:5      | Noticed a two-headed ogre
  5913 | D:5      | Killed a two-headed ogre
  5914 | D:5      | Reached skill level 11 in Stealth
  5914 | D:5      | Reached XP level 9. HP: 52/52 MP: 9/9
  6599 | D:5      | Reached skill level 12 in Stealth
  6716 | D:5      | Noticed a two-headed ogre
  6792 | D:5      | Killed from afar by an orc wizard

Illustrated notes

Levels and vault maps discovered:
D:1:      onia_arrival_handbag, layout_rooms
D:2:      layout_rooms, nrook_mini_backslash, cheibrodos_gnoll_hut, uniq_sigmund
D:3:      layout_loops_cross, serial_co_window_serial,
          co_window_of_opportunity_a, co_window_corner_a, co_window_paths_a,
          co_window_paths_a, co_window_paths_a, co_window_corner_b,
          co_window_corner_b, co_window_corner_cb, co_window_unsneaky_path_e,
          glass_columns_b, glass_columns_c, uniq_natasha
D:4:      layout_basic
D:5:      lemuel_ice_spiral_2, layout_basic, minmay_temple_entry_ruins,
          lemuel_flamethrower_2
Temple:   minmay_crystal_snake_temple

Skill      XL: |  1  2  3  4  5  6  7  8  9 |
---------------+----------------------------+-----
Dodging        | 2 6 7 |  7.0
Stealth        | 6 7 11 12 | 12.2
Short Blades   | 3 5 |  5.3
Fighting       | 4 |  4.3
Throwing       | |  2.1

Action                   |  1- 3 |  4- 6 |  7- 9 || total
-------------------------+-------+-------+-------++-------
Melee: Dagger            |    57 |   164 |   231 ||   452
       Punch             |       |     1 |     2 ||     3
Throw: Dart              |       |     6 |    22 ||    28
Evoke: Wand              |       |       |     9 ||     9
  Use: Scroll            |       |       |     2 ||     2
       Potion            |       |       |     1 ||     1
 Stab: Sleeping          |    18 |    16 |    10 ||    44
       Distracted        |       |     1 |       ||     1
Armor: Robe              |    19 |    19 |    32 ||    70
Dodge: Dodged            |    29 |   142 |   189 ||   360
